 Seeded DCSS version 0.30.1-4-g462c640d31 (webtiles) character file.

Game seed: 6351066067085065685 (custom seed)

3243 Esekla the Thaumaturge (level 9, -5/45 HPs)
             Began as a Deep Elf Necromancer on Aug 31, 2023.
             Was an Elder of Vehumet.
             Killed from afar by a steam dragon (25 damage)
             ... with a ball of steam
             ... on level 8 of the Dungeon.
             The game lasted 00:50:27 (6945 turns).

Esekla the Thaumaturge (Deep Elf Necromancer)       Turns: 6945, Time: 00:50:28

Health: -5/45      AC:  6    Str:  5    XL:     9   Next: 67%
Magic:  30/33      EV: 14    Int: 25    God:    Vehumet [****..]
Gold:   436        SH:  4    Dex: 15    Spells: 8/26 levels left

rFire   . . .        a - +2 dagger (vamp)
rCold   . . .        H - +0 buckler
rNeg    . . .        l - +0 robe
rPois   .            P - +1 helmet
rElec   .            F - +0 cloak
rCorr   .            E - +0 pair of gloves
SInv    .            (no boots)
Will    .....        y - amulet of magic regeneration
Stlth   +++          N - ring of magical power
HPRegen 0.27/turn    (no ring)
MPRegen 0.63/turn

%: no passive effects
@: no status effects
A: no striking features
a: Renounce Religion


You were on level 8 of the Dungeon.
You worshipped Vehumet.
Vehumet was greatly pleased with you.
You visited 1 branch of the dungeon, and saw 8 of its levels.

You collected 436 gold pieces.

Inventory:

Hand Weapons
 a - a +2 vampiric dagger (weapon)
 c - a +4 scimitar
 r - a +4 trident of venom
 s - the +5 rapier of the Hero {heavy, rN+ Dex+3}
   (You found it on level 3 of the Dungeon)

   Dex:       It affects your dexterity (+3).
   rN:        It protects you from negative energy.
 K - a +4 great sword
Missiles
 f - a boomerang (quivered)
 v - 30 poisoned darts
 M - 5 curare-tipped darts
Armour
 l - a +0 robe (worn)
 E - a +0 pair of gloves (worn)
 F - a +0 cloak (worn)
 H - a +0 buckler (worn)
 P - a +1 helmet (worn)
Jewellery
 y - an amulet of magic regeneration (around neck)
 N - a ring of magical power (left hand)
Wands
 p - a wand of roots (16)
 B - a wand of flame (15)
 J - a wand of mindburst (9)
Scrolls
 m - a scroll of enchant armour {unknown}
 n - 2 scrolls of amnesia {unknown}
 o - a scroll of immolation {unknown}
 q - 5 scrolls of blinking {unknown}
 u - 2 scrolls of fog
 w - 2 scrolls of fear
 x - 3 scrolls of enchant weapon {unknown}
 A - a scroll of magic mapping {unknown}
 C - a scroll of summoning {unknown}
 D - a scroll of silence {unknown}
 G - 2 scrolls of teleportation
 I - 2 scrolls of poison {unknown}
 L - 3 scrolls of noise {unknown}
 O - 2 scrolls of identify
Potions
 b - a potion of magic
 d - 3 potions of ambrosia {unknown}
 e - 6 potions of attraction
 g - 2 potions of heal wounds
 h - 2 potions of haste
 i - 6 potions of curing {unknown}
 k - a potion of mutation
 t - 3 potions of brilliance
 z - a potion of lignification


   Skills:
 + Level 3.4 Short Blades
 + Level 0.1(1.8) Long Blades
 + Level 0.7 Throwing
 * Level 6.4 Dodging
 + Level 4.6 Stealth
 * Level 1.9 Shields
 * Level 9.2 Spellcasting
 * Level 8.6 Necromancy
 * Level 4.4 Translocations
 * Level 3.8 Air Magic
 * Level 4.0 Poison Magic


You had 8 spell levels left.
You knew the following spells:

 Your Spells              Type           Power      Damage    Failure   Level
a - Dazzling Flash        Conj/Hex       22%        N/A       8%          3
b - Freeze                Ice            44%        1d6       2%          1
c - Necrotise             Necr           100%       1d9       1%          1
d - Vampiric Draining     Necr           53%        2d9       1%          3
e - Yara's Violent Unrav  Hex/Tmut       5%         3d4       54%         5
t - Teleport Other        Tloc           33%        N/A       4%          3
v - Poisonous Vapours     Pois/Air       62%        N/A       1%          2

Your spell library contained the following spells:

 Spells                   Type           Power      Damage    Failure   Level
 Lesser Beckoning         Tloc           66%        N/A       2%          2
 Animate Dead             Necr           53%        N/A       2%          4
 Gell's Gravitas          Tloc           33%        N/A       4%          3
 Agony                    Necr           53%        N/A       8%          5
 Spider Form              Tmut/Pois      21%        N/A       13%         3
 Cause Fear               Hex            5%         N/A       67%         4
 Summon Mana Viper        Hex/Summ       11%        N/A       95%         5


Dungeon Overview and Level Annotations

Branches:
Dungeon (8/15)             Temple (0/1) D:6
   Lair: D:8-11

Altars:
Dithmenos
Fedhas
Hepliaklqana
Okawaru
Qazlal
Trog
Vehumet
Zin
The Shining One

Shops:
D:2 =   D:4 (

Annotations:
D:7 Joseph
D:8 2 transporters


Message History

Aiming: Poisonous Vapours (safe; 1% risk of failure)
Press: ? - help, Dir - move target, f - orc
Aim: an orc, wielding a +0 dagger and wearing a +0 scale mail Poisonous vapours surround the orc!
The orc is poisoned.
You barely miss the orc. The orc closely misses you.
You hit the orc.
The orc is severely wounded.
The orc closely misses you. The orc hits you with a +0 dagger.
You hit the orc.
You kill the orc!
Vehumet accepts your kill.
You feel your power returning.
Things that are here:
a +0 dagger; a +0 scale mail A steam dragon comes into view.
Found a stone staircase leading down.
The steam dragon moves out of view.
You feel a sense of dread.
a - a +2 vampiric dagger (weapon)
Casting: Poisonous Vapours (safe; 1% risk of failure)
Confirm with . or Enter, or press ? or * to list all spells.
Aiming: Poisonous Vapours (safe; 1% risk of failure)
Press: ? - help, Dir - move target, f - steam dragon
Aim: a steam dragon (wandering, hasn't noticed you) Poisonous vapours surround the steam dragon!
The steam dragon is poisoned.
The steam dragon hisses angrily.
The steam dragon breathes steam at you. The ball of steam hits you!!
Casting: Poisonous Vapours (safe; 1% risk of failure)
Confirm with . or Enter, or press ? or * to list all spells.
Aiming: Vampiric Draining (safe; 1% risk of failure)
Press: ? - help, Shift-Dir - straight line, f/p - steam dragon
Aim: a steam dragon (lightly wounded, very poisoned)
You draw life force from the steam dragon.
You feel life coursing into your body.
You are engulfed in a cloud of scalding steam.
The steam dragon breathes steam at you. The ball of steam hits you!!
Ouch! That really hurt!
You die...

.#..........# #.###
.#..........### #.#
.#....###...).# #.#
............#.### #.#
....#.####..#))<######.#
.∩...... ..####.......#
.......## #.#######
....##.# #§#### .##....#
#@D§.# ## .####
#..§§§..# [ .# #.####..#
# #. ..# # # .# # ## # #
.# ####.# ##. #....#
....


You could see a steam dragon (very poisoned, catching breath).

Vanquished Creatures
  Pikel (D:6)
  A wyvern (D:7)
  Menkaure (D:7)
  An ice beast (D:6)
  A sky beast (D:6)
  2 black bears
  2 ogres
  A centaur (D:7)
  A phantom (D:7)
  Blork the orc (D:6)
  2 kobold brigands
  A gnoll sergeant (D:6)
  A bullfrog (D:7)
  2 scorpions (D:5)
  3 wights (D:7)
  A quasit (D:7)
  2 gnoll boudas
  6 hounds
  A jelly (D:6)
  Crazy Yiuf (D:7)
  4 orc priests
  A sleepcap (D:5)
  5 iguanas
  5 orc wizards
  20 gnolls
  9 adders
  3 shadow imps (D:8)
  6 white imps
  3 ufetubi
  A worm (D:4)
  3 dart slugs
  33 orcs
  4 endoplasms
  8 goblins
  5 hobgoblins
  A quokka (D:1)
  6 ball pythons
  4 bats
  4 frilled lizards
  14 kobolds
  A rat (D:2)
172 creatures vanquished.

Notes
Turn   | Place    | Note
-------+----------+-------------------------------------------
     0 | D:1      | Esekla the Deep Elf Necromancer began the quest for the
                  | Orb.
     0 | D:1      | Reached XP level 1. HP: 10/10 MP: 6/6
   247 | D:2      | Found Renulab's Jewellery Shop.
   534 | D:4      | Found a radiant altar of Vehumet.
   545 | D:4      | Found an iron altar of Okawaru.
   557 | D:4      | Found a glowing silver altar of Zin.
   638 | D:4      | Became a worshipper of Vehumet
   767 | D:3      | Reached skill level 5 in Necromancy
   797 | D:3      | Reached XP level 2. HP: 15/15 MP: 8/8
  1076 | D:3      | Identified the +5 rapier of the Hero {heavy, rN+ Dex+3}
  1258 | D:1      | Reached XP level 3. HP: 16/19 MP: 9/9
  1270 | D:1      | Learned a level 3 spell: Vampiric Draining
  1312 | D:1      | Reached * piety under Vehumet
  1312 | D:1      | Offered knowledge of Freeze by Vehumet.
  1316 | D:1      | Learned a level 1 spell: Freeze
  1343 | D:1      | Learned a level 3 spell: Teleport Other
  1721 | D:2      | Reached skill level 1 in Short Blades
  1721 | D:2      | Reached XP level 4. HP: 22/24 MP: 8/11
  1761 | D:2      | Found a faded altar of an unknown god.
  1819 | D:2      | Noticed a black bear
  1890 | D:2      | Killed a black bear
  1891 | D:2      | Reached skill level 4 in Spellcasting
  1891 | D:2      | Reached skill level 1 in Translocations
  1891 | D:2      | Reached XP level 5. HP: 28/28 MP: 7/13
  2085 | D:3      | Found a stormy altar of Qazlal.
  2088 | D:3      | Found a hazy altar of Hepliaklqana.
  2088 | D:3      | Found a bloodstained altar of Trog.
  2101 | D:3      | Offered knowledge of Poisonous Vapours by Vehumet.
  2105 | D:3      | Learned a level 2 spell: Poisonous Vapours
  2336 | D:3      | Reached ** piety under Vehumet
  2465 | D:3      | Reached XP level 6. HP: 30/32 MP: 1/14
  2573 | D:5      | Entered Level 5 of the Dungeon
  2710 | D:5      | Reached skill level 1 in Air Magic
  2828 | D:5      | Found a shadowy altar of Dithmenos.
  2877 | D:5      | Reached skill level 1 in Poison Magic
  2897 | D:5      | Got the Parchment of the Lumpy Olives
  2934 | D:5      | Reached XP level 7. HP: 36/36 MP: 16/16
  3125 | D:6      | Reached skill level 5 in Spellcasting
  3393 | D:4      | Offered knowledge of Static Discharge by Vehumet.
  3452 | D:4      | Found a glowing golden altar of the Shining One.
  3731 | D:4      | Found Ponaysk's Antique Weapon Boutique.
  3969 | D:5      | Reached skill level 6 in Spellcasting
  4242 | D:6      | Noticed Pikel
  4258 | D:6      | Killed Pikel
  4259 | D:6      | Reached skill level 5 in Dodging
  4259 | D:6      | Reached skill level 7 in Spellcasting
  4259 | D:6      | Reached XP level 8. HP: 9/41 MP: 11/21
  4395 | D:6      | Found a staircase to the Ecumenical Temple.
  4559 | D:6      | Reached *** piety under Vehumet
  4581 | D:6      | Found a blossoming altar of Fedhas.
  4709 | D:6      | Noticed Blork the orc
  4766 | D:6      | Killed Blork the orc
  4767 | D:6      | Reached skill level 8 in Spellcasting
  4867 | D:7      | Found a runed translucent door.
  4868 | D:7      | Noticed Crazy Yiuf
  4874 | D:7      | Killed Crazy Yiuf
  4995 | D:6      | Reached XP level 9. HP: 36/45 MP: 11/23
  5259 | D:8      | Offered knowledge of Dazzling Flash by Vehumet.
  5275 | D:7      | Learned a level 3 spell: Dazzling Flash
  5522 | D:7      | Noticed Joseph
  5672 | D:7      | Reached skill level 1 in Shields
  5743 | D:7      | Noticed Menkaure
  5747 | D:7      | Killed Menkaure
  5810 | D:8      | Noticed a two-headed ogre
  6048 | D:7      | Reached **** piety under Vehumet
  6131 | D:7      | Offered knowledge of Yara's Violent Unravelling by Vehumet.
  6142 | D:7      | Learned a level 5 spell: Yara's Violent Unravelling
  6192 | D:7      | Reached skill level 9 in Spellcasting
  6510 | D:8      | Found a transporter.
  6510 | D:8      | Found a transporter.
  6510 | D:8      | Found a transporter.
  6510 | D:8      | Found a transporter.
  6945 | D:8      | Killed from afar by a steam dragon

Illustrated notes

Levels and vault maps discovered:
D:1:      sevenhm_arrival_forest_fort_small_3, layout_rooms,
          chequers_serial_rivers_room_b, minmay_misc_feat_five
D:2:      layout_loops_ring, dreamdust_ecumenical_altar_angels_and_demons,
          serial_shops, shop
D:3:      layout_basic, grunt_temple_overflow_open, minmay_misc_feat_iff
D:4:      layout_basic, nicolae_overflow_quartered_altars, serial_shops,
          nicolae_diamond_shop
D:5:      layout_loops_ring, lemuel_doored_altar, minmay_misc_feat_rows,
          dreamdust_wishing_well
D:6:      layout_loops_cross, fedhas_altar_fruit_tree,
          minmay_temple_entry_glass, uniq_pikel, uniq_blork_the_orc
D:7:      layout_basic, uniq_menkaure, uniq_joseph, uniq_crazy_yiuf_cottage
D:8:      layout_basic, nicolae_uskayaw_dance_hall, serial_demonic,
          serial_demonic_d, serial_demonic_a, serial_demonic_c,
          serial_demonic_c, nicolae_diode_quadrants

Skill      XL: |  1  2  3  4  5  6  7  8  9 |
---------------+----------------------------+-----
Necromancy     | 5 6 7 8 |  8.6
Stealth        | 3 4 |  4.6
Dodging        | 3 4 5 6 |  6.4
Short Blades   | 1 2 3 |  3.4
Spellcasting   | 4 7 8 9 |  9.2
Translocations | 1 3 4 |  4.4
Air Magic      | 1 2 3 |  3.8
Poison Magic   | 1 2 3 4 |  4.0
Shields        | 1 |  1.9
Long Blades    | |  0.1
Throwing       | |  0.7

Action                     |  1- 3 |  4- 6 |  7- 9 || total
---------------------------+-------+-------+-------++-------
  Melee: Short sword       |    98 |    61 |    60 ||   219
         Unarmed           |     9 |       |       ||     9
         Punch             |       |     1 |     3 ||     4
         Dagger            |       |       |   167 ||   167
         Rapier            |       |       |    47 ||    47
         Scimitar          |       |       |    26 ||    26
  Throw: Dart              |       |     6 |     5 ||    11
         Boomerang         |       |       |     7 ||     7
   Cast: Vampiric Draining |     4 |    22 |    66 ||    92
         Necrotise         |       |     2 |       ||     2
         Poisonous Vapours |       |     1 |    67 ||    68
         Dazzling Flash    |       |       |     1 ||     1
  Evoke: Wand              |       |     1 |     4 ||     5
    Use: Scroll            |     1 |       |     8 ||     9
   Stab: Sleeping          |     4 |     5 |     9 ||    18
         Invisible         |       |       |     2 ||     2
 Armour: Robe              |    22 |    10 |    70 ||   102
  Dodge: Dodged            |    74 |    52 |   285 ||   411
  Block: Buckler           |       |       |     3 ||     3
